 Dungeon Crawl Stone Soup version 0.30-a0-778-g2ef04afb54 (webtiles) character file.

Game seed: 9044599892604909898

56 Lavandula the Slasher (level 4, -6/35 HPs)
             Began as a Human Monk on Feb 16, 2023.
             Killed by nerve-wracking pain
             ... invoked by Jessica
              (14 damage)
             ... on level 3 of the Dungeon.
             The game lasted 00:02:09 (2119 turns).

Lavandula the Slasher (Human Monk)                  Turns: 2119, Time: 00:02:09

Health: -6/35      AC:  6    Str: 14    XL:     4   Next: 17%
Magic:  4/4        EV: 10    Int: 10    God:
Gold:   133        SH:  0    Dex: 15    Spells: 3/3 levels left

rFire   . . .      SeeInvis .    a - +0 falchion
rCold   . . .      Faith    .    (no shield)
rNeg    . . .      Spirit   .    k - +0 scale mail
rPois   .          Reflect  .    (no helmet)
rElec   .          Harm     .    (no cloak)
rCorr   .          Rampage  .    (no gloves)
Will    .....                    (no boots)
Stlth   +                        (no amulet)
HPRegen 0.25/turn                (no ring)
MPRegen 0.09/turn                (no ring)

@: slowed, very slow
A: no striking features
a: no special abilities


You were on level 3 of the Dungeon.
You visited 1 branch of the dungeon, and saw 3 of its levels.

You collected 133 gold pieces.

Inventory:

Hand Weapons
 a - a +0 falchion (weapon)
Armour
 b - a +0 robe
 k - a +0 scale mail (worn)
Scrolls
 e - 2 scrolls of blinking {unknown}
 f - 2 scrolls of teleportation {unknown}
 g - a scroll of vulnerability {unknown}
 i - 3 scrolls of identify {unknown}
 j - a scroll of enchant armour {unknown}
 l - a scroll of enchant weapon {unknown}
Potions
 c - a potion of ambrosia
 d - 2 potions of flight {unknown}
 h - 4 potions of brilliance {unknown}
 m - a potion of heal wounds {unknown}


   Skills:
 - Level 3.0 Fighting
 + Level 4.7 Long Blades
 - Level 3.0 Dodging
 - Level 2.0 Stealth


You had 3 spell levels left.
You didn't know any spells.
Your spell library contained the following spells:

 Spells                   Type           Power      Damage    Failure   Level
 Ozocubu's Armour         Ice            0%         N/A       99%         3
 Summon Forest            Summ/Tloc      0%         N/A       100%        5
 Summon Mana Viper        Hex/Summ       0%         N/A       100%        5
 Summon Cactus Giant      Summ           0%         N/A       100%        6
 Ozocubu's Refrigeration  Ice            0%         4d7       100%        7


Dungeon Overview and Level Annotations

Branches:
Dungeon (3/15)

Altars:
The Shining One

Annotations:
D:2 exclusion: adder
D:3 Jessica, Sigmund


Message History

There is an open door here.
Jessica the Apprentice Sorceress comes into view.
She is wielding a +0 club.
Found an escape hatch in the ceiling.
Jessica shouts!
Found a stone staircase leading down.
Jessica hits you with a +0 club!
You barely miss Jessica. Jessica gestures at you while chanting.
Pain shoots through your body!
You hit Jessica.
Jessica is moderately wounded.
Jessica gestures at you while chanting.
You feel yourself slow down.
You hit Jessica.
Jessica is moderately wounded.
Jessica barely misses you. Jessica misses you.
You hit Jessica but do no damage.
Jessica is moderately wounded.
Jessica hits you with a +0 club.
You closely miss Jessica.
Jessica is moderately wounded.
Jessica shouts, "You're disturbing me!
I'll have to kill you!" Jessica hits you with a +0 club.
Jessica gestures wildly while chanting.
Jessica seems to speed up.
Autopickup is now off.
Autopickup is now on.
You are too injured to fight recklessly!
You barely miss Jessica.
Jessica is moderately wounded.
Jessica hits you with a +0 club.
* * * LOW HITPOINT WARNING * * *
Jessica hits you but does no damage.
You closely miss Jessica.
Jessica is moderately wounded.
Jessica hits you with a +0 club.
* * * LOW HITPOINT WARNING * * *
Jessica casts a spell at you. Pain shoots through your body!
You die...

..
#.............
..
#.>...........
..
#...........#
..
#........<..#
..
##...........#
..
.............#
..
......$@.....#
..
.......@.....#
.
.....#......##
# ... #......#
. #......+
#......#
#......#
#####'## #.#
###### #.#
#########


You could see Jessica (fast).

Vanquished Creatures
  An adder (D:2)
  A worm (D:3)
  4 dart slugs
  A ball python (D:1)
  2 bats
  3 endoplasms
  2 giant cockroaches (D:1)
  3 hobgoblins
  2 jackals (D:1)
  4 kobolds
  3 quokkas (D:2)
  2 frilled lizards
  A goblin (D:1)
  7 rats
36 creatures vanquished.

Notes
Turn   | Place    | Note
-------+----------+-------------------------------------------
     0 | D:1      | Lavandula the Human Monk began the quest for the Orb.
     0 | D:1      | Reached XP level 1. HP: 18/18 MP: 1/1
   173 | D:1      | Reached XP level 2. HP: 20/24 MP: 2/2
   242 | D:1      | Found a faded altar of an unknown god.
   430 | D:1      | Reached skill level 4 in Long Blades
   430 | D:1      | Reached XP level 3. HP: 29/29 MP: 3/3
  1398 | D:2      | Found a glowing golden altar of the Shining One.
  1582 | D:2      | Reached XP level 4. HP: 25/35 MP: 4/4
  1833 | D:3      | Noticed Sigmund
  2109 | D:3      | Noticed Jessica
  2119 | D:3      | Killed from afar by Jessica

Illustrated notes

Levels and vault maps discovered:
D:1:      dpeg_arrival_leaves_temple_mockup, layout_basic,
          hellmonk_ecumenical_altar_blasted
D:2:      layout_loops_cross, basic_altar, minmay_tiny_reverse_x
D:3:      layout_basic, lemuel_coloured_pillars_altar, uniq_jessica, uniq_ijyb,
          uniq_sigmund

Skill      XL: |  1  2 |
---------------+-------+-----
Long Blades    | 4 |  4.7
Fighting       | |  3.0
Dodging        | |  3.0
Stealth        | |  2.0

Action                     |  1- 3 |  4- 6 || total
---------------------------+-------+-------++-------
  Melee: Falchion          |    99 |    24 ||   123
         Punch             |     1 |       ||     1
   Stab: Sleeping          |     5 |       ||     5
 Armour: Robe              |    16 |       ||    16
         Scale mail        |    11 |    10 ||    21
  Dodge: Dodged            |    64 |     7 ||    71

Table legend: (Time is in decaauts)
 A = Elapsed time spent in this place.
 B = Non-inter-level travel time spent in this place.
 C = Inter-level travel time spent in this place.
 D = Time resting spent in this place.
 E = Time spent auto-exploring this place.
 F = Levels seen in this place.
 G = Mean time per level.
                   A        B        C        D        E       F      G
               +--------+--------+--------+--------+--------+-----+--------+
         Total |   2132 |   2036 |     96 |      0 |   1698 |   3 |  710.7 |
       Dungeon |   2132 |   2036 |     96 |      0 |   1698 |   3 |  710.7 |
               +--------+--------+--------+--------+--------+-----+--------+

Top non-repeatable levels by time:
     D:1: 1018 daAuts
     D:2: 819 daAuts
     D:3: 294 daAuts
